 Dungeon Crawl Stone Soup version 0.28-a0-1510-gd0f6b136d3 (webtiles) character file.

Game seed: 17258090732248383811

19 psuckher the Skirmisher (level 2, -5/26 HPs)
             Began as a Draconian Berserker on Jan 14, 2022.
             Was a Follower of Trog.
             Slain by a worm (9 damage)
             ... on level 1 of the Dungeon.
             The game lasted 00:03:42 (672 turns).

psuckher the Skirmisher (Draconian Berserker)        Turns: 672, Time: 00:03:42

Health: -5/26      AC:  4    Str: 19    XL:     2   Next: 55%
Magic:  1/1        EV: 12    Int:  9    God:    Trog [*.....]
Gold:   22         SH:  0    Dex:  8    Spells: 1/1 levels left

rFire   . . .      SeeInvis .   a - +0 mace
rCold   . . .      Faith    .   (no shield)
rNeg    . . .      Spirit   .   (armour unavailable)
rPois   .          Reflect  .   (helmet restricted)
rElec   .          Harm     .   (no cloak)
rCorr   .          Rampage  .   (no gloves)
Will    .....                   (no boots)
Stlth   +.........              (no amulet)
HPRegen 0.08/turn               (no ring)
MPRegen 0.07/turn               (no ring)

@: no status effects
A: AC +4, unfitting armour, cold-blooded, clever 1, clumsy 1, low mp 1, mutation
resistance 1
a: Renounce Religion, Berserk


You were on level 1 of the Dungeon.
You worshipped Trog.
Trog was aware of your devotion.
You visited 1 branch of the dungeon, and saw 1 of its levels.

You collected 22 gold pieces.

Inventory:

Hand Weapons
 a - a +0 mace (weapon)
Scrolls
 b - a scroll of magic mapping {unknown}
 f - a scroll of brand weapon


   Skills:
 + Level 3.6 Fighting
 + Level 3.3 Maces & Flails
 + Level 3.0 Dodging


You had one spell level left.
You didn't know any spells.
Your spell library contained the following spells:

 Spells                   Type           Power      Damage    Failure   Level
 Gell's Gravitas          Tloc           0%         N/A       77%         3
 Lesser Beckoning         Tloc           0%         N/A       77%         3
 Teleport Other           Tloc           0%         N/A       77%         3


Dungeon Overview and Level Annotations

Branches:
Dungeon (1/15)

Altars:


Innate Abilities, Weirdness & Mutations

Your plain brown scales are hard. (AC +4)
You cannot fit into any form of body armour.
You are cold-blooded and may be slowed by cold attacks.
Your mind is acute. (Int +2)
You are clumsy. (Dex -2)
Your magical capacity is low. (-10% MP)
You are somewhat resistant to further mutation.


Message History

Found a leather armour.
You see here a +0 leather armour.
You see here a +0 leather armour.
A hobgoblin comes into view.
The hobgoblin shouts!
Found a stone staircase leading down. 2 worms come into view.
You closely miss the hobgoblin.
Your tail-slap misses the hobgoblin.
The hobgoblin hits you but does no damage.
You closely miss the hobgoblin. The hobgoblin completely misses you.
The hobgoblin hits you.
You hit the hobgoblin.
The hobgoblin is moderately wounded.
The hobgoblin misses you.
You thump the hobgoblin!
You kill the hobgoblin!
Trog accepts your kill.
You see here 10 gold pieces.
A quokka comes into view.
The worm barely misses you.
You see here 10 gold pieces.
You hit the worm but do no damage. You barely miss the worm.
The worm barely misses you.
You hit the worm.
The worm is lightly wounded.
The worm barely misses you. The worm bites you.
You hit the worm.
The worm is lightly wounded.
The worm bites you.
You hit the worm. You tail-slap the worm.
The worm is heavily wounded.
The worm bites you.
You thump the worm! Your punch misses the worm.
The worm is severely wounded.
The worm closely misses you. The worm bites you!
* * * LOW HITPOINT WARNING * * *
You barely miss the worm.
The worm is severely wounded.
The worm bites you!
You die...

##.........#.#
#.....^..^...#
#.....>......
#....^..^..#
############.........#
.....[.....##.......#
############ #..r..# ..#
#####ww## #.#### ###.#
#@## # #....#####...#
#.## # ........##.###
#..# #
...#.##..#.######.####...
#
##.#....................#
#
..†.........###...####..#
##).#####..........# ..#
##.# #.#######...##..#
###.## ##.# #...# ..###


You could see 2 worms and a quokka.

Vanquished Creatures
  A dart slug (D:1)
  An endoplasm (D:1)
  3 giant cockroaches (D:1)
  2 goblins (D:1)
  A hobgoblin (D:1)
  A quokka (D:1)
  A ball python (D:1)
  2 frilled lizards (D:1)
  2 kobolds (D:1)
  2 rats (D:1)
16 creatures vanquished.

Notes
Turn   | Place    | Note
-------+----------+-------------------------------------------
     0 | D:1      | psuckher the Draconian Berserker began the quest for the
                  | Orb.
     0 | D:1      | Reached XP level 1. HP: 19/19 MP: 1/1
   311 | D:1      | Reached XP level 2. HP: 4/26 MP: 2/2
   399 | D:1      | Gained mutation: You are clumsy. (Dex -2) [potion of
                  | mutation]
   399 | D:1      | Gained mutation: Your magical capacity is low. (-10% MP)
                  | [potion of mutation]
   399 | D:1      | Gained mutation: Your mind is acute. (Int +2) [potion of
                  | mutation]
   399 | D:1      | Gained mutation: You are somewhat resistant to further
                  | mutation. [potion of mutation]
   672 | D:1      | Slain by a worm

Illustrated notes

Levels and vault maps discovered:
D:1:      dpeg_arrival_erosion, layout_rooms, nicolae_wormholes

Skill      XL: |  1  2 |
---------------+-------+-----
Dodging        | 3 |  3.0
Fighting       | |  3.6
Maces & Flails | |  3.3

Action                   || total
-------------------------++-------
Melee: Mace              ||    47
       Tailslap          ||     6
  Use: Potion            ||     3
       Scroll            ||     2
Armor: Skin              ||    16
Dodge: Dodged            ||    55

Table legend: (Time is in decaauts)
 A = Elapsed time spent in this place.
 B = Non-inter-level travel time spent in this place.
 C = Inter-level travel time spent in this place.
 D = Time resting spent in this place.
 E = Time spent auto-exploring this place.
 F = Levels seen in this place.
 G = Mean time per level.
                   A        B        C        D        E       F      G
               +--------+--------+--------+--------+--------+-----+--------+
         Total |    685 |    637 |     48 |      0 |      0 |   1 |  685.0 |
       Dungeon |    685 |    637 |     48 |      0 |      0 |   1 |  685.0 |
               +--------+--------+--------+--------+--------+-----+--------+

Top non-repeatable levels by time:
     D:1: 685 daAuts
